AoeStats
← AOKI_Shogi

Highland

505326817Analyzed
2v2 RM · 24d ago on Sep 8, 2026· 50m 52s· 4 players
Game mode
Random Map
Map size
Medium (4 player)
Population
200
Speed
Normal
Resources
Standard
Victory
Conquest
Starting age
Dark Age
Ending age
Imperial Age
RankedLock teamsTeams togetherTeam positionsShared explorationLock speedFull tech treeHidden civsTurbo modeCheats
Victory
Defeat
🇲🇽 Mongols · Mexico
1501
+13
🇲🇽 Maya · Mexico
1495
+13
🇫🇷 Japanese · France
1460
-14
🇫🇷 Byzantines · France
1418
-12
UrielMazatzi
0:36 Loom
10:33 Feudal Age
14:44 Castle Age
13:42 Double-Bit Axe
15:25 Fletching
16:39 Bodkin Arrow
21:04 Ballistics
21:26 Padded Archer Armor
25:14 Horse Collar
26:09 Bow Saw
33:13 Imperial Age
31:26 Town Watch
32:16 Wheelbarrow
33:08 Heavy Plow
33:40 Stone Mining
33:40 Gold Mining
33:55 Bracer
35:50 Chemistry
36:55 Hand Cart
39:08 Crop Rotation
39:41 Two-Man Saw
38:08 Eagle Warrior
38:48 Squires
38:51 Scale Mail Armor
39:14 Conscription
40:00 Chain Mail Armor
40:56 Holcans
40:52 Elite Eagle Warrior
42:22 Plate Mail Armor
42:05 Arson
42:35 Forging
44:55 Iron Casting
TBO Comico
8:52 Loom
10:52 Feudal Age
14:54 Castle Age
14:01 Double-Bit Axe
19:04 Fletching
22:26 Bodkin Arrow
24:31 Bow Saw
24:28 Padded Archer Armor
28:09 Leather Archer Armor
30:20 Horse Collar
30:39 Gold Mining
30:39 Stone Mining
31:44 Town Watch
32:36 Wheelbarrow
34:32 Gold Shaft Mining
37:52 Imperial Age
36:30 Stone Shaft Mining
36:58 Hand Cart
37:05 Hand Cart
36:51 Town Patrol
37:53 Onager
40:31 Siege Onager
42:12 Drill
AOKI_Shogi
6:32 Loom
10:15 Feudal Age
10:55 Town Watch
10:57 Double-Bit Axe
12:50 Wheelbarrow
13:00 Fletching
13:33 Fishing Lines
18:44 Castle Age
17:24 Gold Mining
18:08 Stone Mining
19:38 Bow Saw
21:19 Bodkin Arrow
21:27 Padded Archer Armor
21:37 Elite Skirmisher
29:43 Hand Cart
32:23 Horse Collar
33:51 Heavy Plow
34:50 Fortified Wall
35:57 Guard Tower
37:07 Ballistics
40:52 Imperial Age
40:18 Gold Shaft Mining
40:13 Leather Archer Armor
40:20 Murder Holes
40:06 Crossbowman
40:56 Thumb Ring
41:17 Yasama
42:13 Bracer
42:24 Scale Mail Armor
43:09 Forging
43:50 Chain Mail Armor
44:49 Chemistry
43:30 Man-at-Arms
43:56 Gambesons
45:20 Keep
44:41 Arrowslits
44:36 Long Swordsman
45:53 Iron Casting
46:28 Plate Mail Armor
45:59 Two-Handed Swordsman
47:44 Blast Furnace
46:53 Champion
Yarcla
7:20 Loom
10:56 Feudal Age
11:55 Double-Bit Axe
13:49 Fletching
14:06 Gold Mining
17:05 Horse Collar
20:53 Castle Age
20:39 Padded Archer Armor
20:20 Fishing Lines
21:45 Bodkin Arrow
22:05 Leather Archer Armor
25:08 Ballistics
26:11 Thumb Ring
26:11 Elite Skirmisher
27:30 Wheelbarrow
31:54 Bow Saw
34:19 Imperial Age
31:46 Crossbowman
32:47 Hand Cart
33:17 Gold Shaft Mining
35:19 Bracer
35:49 Ring Archer Armor
34:55 Arbalester
37:23 Chemistry
38:54 Two-Man Saw
38:49 Conscription
39:43 Capped Ram
Connection lost

Rejoining the realm…

Still unreachable

The connection could not be restored.

Session expired

The server has moved on; the page needs a fresh start.